 Dungeon Crawl Stone Soup version 0.27-a0-1456-gf5a116941d (webtiles) character file.

Game seed: 10270738156275992047

50482 Brandom the Warrior (level 14, -33/135 HPs)
             Began as a White Draconian Abyssal Knight on July 5, 2021.
             Was the Champion of Lugonu.
             Annihilated by a stone giant (61 damage)
             ... on level 1 of the Orcish Mines on July 6, 2021.
             The game lasted 01:40:03 (24575 turns).

Brandom the Warrior (DrAK)                         Turns: 24575, Time: 01:40:04

Health: -33/135    AC: 11    Str: 14    XL:     14   Next: 19%
Magic:  22/22      EV: 17    Int: 21    God:    Lugonu [******]
Gold:   2288       SH:  6    Dex: 16    Spells: 7/19 levels left

rFire    . . .     SeeInvis +   k - +5 quick blade "Ceubiu" {vamp, rElec rPois rC- Dex-2 SInv}
rCold    + . .     Faith    .   T - +1 buckler {rPois}
rNeg     . . .     Spirit   .   (armour unavailable)
rPois    +         Reflect  .   Y - +0 hat of Analysis {Drain rC+ rCorr Str+2 Int+4}
rElec    +         Harm     .   J - +0 cloak
rCorr    +         Rampage  .   w - +0 pair of gloves
Will     ++...                  m - +0 pair of boots
Stlth    +.........             e - amulet of regeneration
HPRegen  0.00/turn              y - ring of willpower
MPRegen  0.18/turn              Q - +6 ring of dexterity

@: unable to read, on berserk cooldown, slowed, silenced, very slow
A: breathe frost, AC +8, unfitting armour, cold resistance 1, cold-blooded,
inhibited regeneration, weak 1, inability to read while threatened
a: Breathe Frost, Renounce Religion


You were on level 1 of the Orcish Mines.
You worshipped Lugonu.
Lugonu was exalted by your worship.
You visited 3 branches of the dungeon, and saw 18 of its levels.
You visited the Abyss 1 time.
You also visited: Bailey.

You collected 2314 gold pieces.
You spent 26 gold pieces at shops.

Inventory:

Hand Weapons
 a - a +1 hand axe
 k - the +5 quick blade "Ceubiu" (weapon) {vamp, rElec rPois rC- Dex-2 SInv}
   (You acquired it on level 4 of the Dungeon)

   It inflicts no extra harm, but heals its wielder when it wounds a living foe.
   Dex:       It affects your dexterity (-2).
   rC:        It makes you vulnerable to cold.
   rElec:     It insulates you from electricity.
   rPois:     It protects you from poison.
   SInv:      It lets you see invisible.
Missiles
 q - a throwing net (quivered) {!f}
 A - 2 curare-tipped darts {!f}
 V - 6 silver javelins
Armour
 l - a +0 buckler
   (You took it off a gnoll sergeant on level 9 of the Dungeon)
 m - a +0 pair of boots (worn)
   (You found it on level 9 of the Dungeon)
 w - a +0 pair of gloves (worn)
   (You found it on level 7 of the Dungeon)
 J - a +0 cloak (worn)
   (You found it on level 7 of the Dungeon)
 T - a +1 buckler of poison resistance (worn)
   (You took it off a spriggan rider on level 6 of the Lair of Beasts)
 W - a +0 hat
   (You found it on level 1 of the Orcish Mines)
 X - the +2 hat of the Hills {rElec Regen+ Str+4}
   (You found it on level 1 of the Orcish Mines)

   Str:       It affects your strength (+4).
   rElec:     It insulates you from electricity.
   Regen:     It increases your rate of health regeneration.
 Y - the +0 hat of Analysis (worn) {Drain rC+ rCorr Str+2 Int+4}
   (You found it on level 1 of the Orcish Mines)

   Str:       It affects your strength (+2).
   Int:       It affects your intelligence (+4).
   rC:        It protects you from cold.
   rCorr:     It protects you from acid and corrosion.
   Drain:     It drains your maximum health when unequipped.
 Z - a +2 hat
   (You found it on level 1 of the Orcish Mines)
Jewellery
 e - an amulet of regeneration (around neck)
   (You took it off a gnoll on level 2 of the Dungeon)
 p - an amulet of the acrobat
   (You found it on level 4 of the Dungeon)
 v - an amulet of magic regeneration
   (You found it on level 6 of the Dungeon)
 y - a ring of willpower (left hand)
   (You found it on level 7 of the Dungeon)
 C - a ring of resist corrosion
   (You found it on level 10 of the Dungeon)
 O - a ring of positive energy
   (You found it on level 4 of the Lair of Beasts)
 Q - a +6 ring of dexterity (right hand)
   (You found it on level 4 of the Lair of Beasts)
Wands
 d - a wand of iceblast (28)
   (You took it off Ijyb on level 4 of the Dungeon)
 t - a wand of flame (54)
   (You found it on level 5 of the Dungeon)
 x - a wand of acid (11)
   (You found it on level 2 of the Lair of Beasts)
 I - a wand of mindburst (32)
   (You found it on level 2 of the Lair of Beasts)
 K - a wand of charming (18)
   (You found it on level 2 of the Lair of Beasts)
 S - a wand of polymorph (7)
   (You found it on level 5 of the Lair of Beasts)
Scrolls
 c - a scroll of vulnerability {!r}
 g - 6 scrolls of magic mapping {unknown}
 j - a scroll of enchant weapon {unknown}
 n - 3 scrolls of holy word {unknown}
 o - 3 scrolls of blinking
 r - 2 scrolls of fog
 u - 9 scrolls of teleportation {@r4}
 B - 5 scrolls of amnesia
 E - 2 scrolls of immolation {!r}
 G - a scroll of fear {unknown}
 L - a scroll of brand weapon {unknown}
 N - a scroll of torment {unknown}
 R - a scroll of silence {unknown}
Potions
 b - 3 potions of cancellation
 f - 4 potions of flight
 h - 4 potions of heal wounds {@q2}
 i - 4 potions of degeneration {!q}
 s - 5 potions of curing {@q1}
 z - 4 potions of attraction {!q}
 D - a potion of brilliance
 F - a potion of magic {unknown}
 H - 2 potions of lignification {unknown}
 M - a potion of berserk rage
 U - a potion of mutation {unknown}
Miscellaneous
 P - a phantom mirror (inert)
   (You found it on level 4 of the Lair of Beasts)


   Skills:
 * Level 15.5 Fighting
 - Level 8.0 Short Blades
 - Level 3.3 Axes
 + Level 9.7 Dodging
 - Level 4.0 Shields
 - Level 3.0 Spellcasting
 + Level 9.2 Hexes
 - Level 3.0 Translocations
 + Level 1.7 Transmutations
 + Level 11.3 Invocations


You had 7 spell levels left.
You knew the following spells:

 Your Spells              Type           Power      Damage    Failure   Level
a - Confusing Touch       Hex            41%        N/A       1%          3
b - Slow                  Hex            41%        N/A       1%          2
c - Corona                Hex            45%        N/A       1%          1
d - Apportation           Tloc           30%        N/A       3%          1
e - Yara's Violent Unrav  Hex/Tmut       13%        3d7       36%         5

Your spell library contained the following spells:

 Spells                   Type           Power      Damage    Failure   Level
 Gell's Gravitas          Tloc           7%         N/A       12%         3
 Lesser Beckoning         Tloc           7%         N/A       12%         3
 Teleport Other           Tloc           15%        N/A       12%         3
 Animate Skeleton         Necr           6%         N/A       13%         1
 Magic Dart               Conj           12%        1d3       13%         1
 Summon Small Mammal      Summ           12%        N/A       13%         1
 Call Imp                 Summ           3%         N/A       21%         2
 Sublimation of Blood     Necr           1%         N/A       21%         2
 Frozen Ramparts          Ice            6%         1d2       36%         3
 Mephitic Cloud           Conj/Pois/Air  3%         N/A       36%         3
 Vampiric Draining        Necr           1%         2d6       36%         3
 Ice Form                 Ice/Tmut       6%         N/A       67%         4
 Petrify                  Tmut/Erth      6%         N/A       67%         4
 Summon Ice Beast         Ice/Summ       3%         N/A       78%         4
 Blade Hands              Tmut           5%         N/A       88%         5
 Alistair's Intoxication  Tmut/Pois      4%         N/A       95%         5
 Irradiate                Conj/Tmut      3%         3d14      95%         5
 Borgnjor's Vile Clutch   Necr/Erth      1%         N/A       98%         5
 Eringya's Noxious Bog    Tmut/Pois      3%         N/A       100%        6
 Iron Shot                Conj/Erth      1%         9d1       100%        6
 Dragon Form              Tmut           5%         N/A       100%        7
 Animate Armour           Summ/Erth      Unusable   N/A       N/A         4

Dungeon Overview and Level Annotations

Branches:
Dungeon (11/15)            Temple (0/1) D:4            Lair (6/6) D:11
 Shoals (0/4) Lair:3       Spider (0/4) Lair:4        Slime (0/5) Lair:5
    Orc (1/2) D:11         Bailey (visited)

Altars:
Trog
Uskayaw
Beogh

Shops:
D:2 *   D:10 (

Annotations:
Lair:4 exclusion: 3 oklob plants
Orc:1 1 transporter, 1 runed translucent door
Abyss:1 Erica, Menkaure


Innate Abilities, Weirdness & Mutations

You can breathe waves of freezing cold which knock back foes.
Your icy white scales are hard. (AC +8)
You cannot fit into any form of body armour.
Your flesh is cold resistant. (rC+)
You are cold-blooded and may be slowed by cold attacks.
You do not regenerate when monsters are visible.
You are weak. (Str -2)
You sometimes lose the ability to read scrolls when taking damage.


Message History

You are no longer berserk.
You are exhausted.
You feel yourself slow down.
A moth of wrath is nearby!
Unknown command.
There are monsters nearby!
You can read scrolls again.
The moth of wrath angrily waves its antennae.
Okay, then.
The moth of wrath goads the stone giant on!
The stone giant goes berserk!
You hit the stone giant but do no damage.
The stone giant hits you!
You feel threatened and lose the ability to read scrolls!
Okay, then.
You cannot read scrolls in your current state!
Unknown command.
Okay, then.
You hit the stone giant but do no damage.
You block the stone giant's attack.
You barely miss the stone giant.
You hit the stone giant but do no damage.
The stone giant closely misses you.
Aim: a stone giant, quivering large rocks (silenced, berserk, chance to affect: 6%)
Okay, then.
Aim: a stone giant, quivering large rocks (silenced, berserk, 100% to hit)
The bolt of acid hits the stone giant but does no damage.
The stone giant hits you!!
* * * LOW HITPOINT WARNING * * *
The stone giant hits you but does no damage.
Aim: a stone giant, quivering large rocks (silenced, berserk, will become a fire giant, a dire elephant, or a fenstrider witch, chance to affect: 6%)
Okay, then.
Aim: a stone giant, quivering large rocks (silenced, berserk)
You reflect the stone giant with the mirror!
The mirror clouds!
Your stone giant hits the stone giant!!
The stone giant hits you!!
* * * LOW HITPOINT WARNING * * *
Your stone giant hits the stone giant!!
The stone giant hits you.
* * * LOW HITPOINT WARNING * * *
Your stone giant hits the stone giant but does no damage.
The stone giant hits your stone giant!
Your stone giant hits the stone giant!!
The stone giant hits your stone giant!!!
Your stone giant hits the stone giant!!
The stone giant hits your stone giant!!
You feel much better.
The stone giant hits your stone giant!!!
Your stone giant dies!
Your stone giant's corpse shimmers and vanishes!
The mass of ice explodes!
The iceblast engulfs the stone giant!
The stone giant hits you!!!
You die...

...# ey#§ ###... ...# # ####
#....) ...# ... ...## #<...)
...### .........## #....) ...#y#
.⌠..###...####### #..... ...####
....$ y#...#y#...#####.#.
......##...$$ ###''###.....####..
......##..)$)###..(##.......# #..
.....©##..[:_+W#@÷©##©......###.>
......##../([ ##C..##.........##.
......##...$$####''###...##......
...#### ....$#y#..†#y#...###..#..
...#y# .⌠..###...#########.##..
...### .........## #...... ...#
........## #...... ...# #########
##..... ...#


eeeey#○ ###... You could see a stone giant (berserk) and 2 moths of wrath.

Vanquished Creatures
  An ettin (Orc:1)
  A catoblepas (Lair:6)
  8 death yaks
  An orc knight (Bailey)
  2 deep elf zephyrmancers (Orc:1)
  An oklob plant (Lair:6)
  2 cyclopes (Orc:1)
  A merfolk siren (Lair:3)
  3 black mambas
  A centaur zombie (D:10)
  An eye of devastation (Lair:5)
  3 unseen horrors
  10 cane toads
  9 komodo dragons
  3 rime drakes
  A kobold demonologist (D:10)
  6 trolls
  6 polar bears
  5 hornets (Lair:6)
  17 blink frogs
  A dream sheep (Lair:6)
  A shadow (D:10)
  15 spriggans (Lair:6)
  2 vampires
  31 yaks
  Eustachio (D:4)
  3 wyverns
  Grum (D:8)
  4 basilisks
  A steam dragon (D:7)
  3 wargs
  An acid dragon (D:9)
  31 water moccasins
  A floating eye (Lair:5)
  A swamp drake (Orc:1)
  A hornet zombie (D:6)
  2 ice beasts
  3 black bears
  17 orc warriors
  A sky beast (D:6)
  30 wolves
  5 ogres
  4 boggarts (Lair:6)
  11 centaurs
  3 phantoms
  5 kobold brigands
  7 bullfrogs
  A gnoll sergeant (D:9)
  7 killer bees
  4 wights (D:9)
  3 howler monkeys
  3 bullfrog zombies
  A crimson imp (Orc:1)
  A jelly (D:6)
  7 hounds
  9 orc priests
  3 bullfrog skeletons (D:5)
  An iron imp (Orc:1)
  Jessica (D:2)
  A centaur skeleton (D:4)
  Ijyb (D:4)
  14 orc wizards
  4 hell rats (Lair:5)
  A killer bee zombie (D:8)
  3 howler monkey zombies
  A mummy (D:7)
  14 gnolls
  23 adders
  3 shadow imps
  4 white imps
  2 ufetubi
  A worm (D:2)
  A dart slug (D:1)
  81 orcs
  8 ball pythons
  8 endoplasms
  3 giant cockroaches
  12 goblins
  8 hobgoblins
  12 jackals
  3 quokkas (D:3)
  5 bats
  10 frilled lizards
  A hobgoblin zombie (D:7)
  27 kobolds
  A kobold zombie (D:7)
  2 orc zombies (D:7)
  4 rats
567 creatures vanquished.

Vanquished Creatures (collateral kills)
  An adder (Lair:1)
1 creature vanquished.

Vanquished Creatures (others)
  A killer bee (D:8)
  49 fungi
  43 plants
93 creatures vanquished.

Grand Total: 661 creatures vanquished

Notes
Turn   | Place    | Note
-------+----------+-------------------------------------------
     0 | Abyss:1  | Brandom the Draconian Abyssal Knight began the quest for
                  | the Orb.
     0 | Abyss:1  | Reached XP level 1. HP: 19/19 MP: 2/2
    14 | D:1      | Escaped the Abyss
   183 | D:1      | Reached XP level 2. HP: 15/26 MP: 3/3
   855 | D:1      | Reached ** piety under Lugonu
   873 | D:1      | Reached XP level 3. HP: 33/33 MP: 4/4
  1030 | D:1      | Found a faded altar of an unknown god.
  1165 | D:1      | Reached skill level 4 in Fighting
  1747 | D:2      | Reached XP level 4. HP: 38/40 MP: 5/5
  2626 | D:2      | Noticed Jessica
  2655 | D:2      | Killed Jessica
  2656 | D:2      | Reached XP level 5. HP: 25/47 MP: 7/7
  2842 | D:2      | Found Bomm's General Store.
  2844 | D:2      | Bought a scroll of identify for 26 gold pieces
  3793 | D:3      | Reached skill level 5 in Fighting
  4084 | D:3      | Reached *** piety under Lugonu
  4158 | D:3      | Found a hide-covered altar of Uskayaw.
  4666 | D:4      | Found a staircase to the Ecumenical Temple.
  4931 | D:4      | Noticed Eustachio
  5253 | D:4      | Learned a level 3 spell: Confusing Touch
  5457 | D:4      | Reached XP level 6. HP: 49/56 MP: 8/8
  5581 | D:4      | Identified a scroll of acquirement
  5582 | D:4      | Acquired the +5 quick blade "Ceubiu" {vamp, rElec rPois rC-
                  | Dex-2 SInv}
  5720 | D:4      | Killed Eustachio
  5721 | D:4      | Reached skill level 1 in Hexes
  5829 | D:4      | Reached skill level 1 in Short Blades
  6009 | D:5      | Entered Level 5 of the Dungeon
  6021 | D:5      | Reached skill level 6 in Fighting
  6021 | D:5      | Noticed Ijyb
  6037 | D:4      | Your scales start taking on an icy white colour.
  6037 | D:4      | Reached XP level 7. HP: 61/63 MP: 9/9
  6037 | D:4      | Gained mutation: Your flesh is cold resistant. (rC+) [White
                  | Draconian growth]
  6072 | D:4      | Killed Ijyb
  6137 | D:5      | Noticed Menkaure
  6141 | D:5      | Banished Menkaure
  6378 | D:5      | Reached skill level 7 in Fighting
  6378 | D:5      | Reached XP level 8. HP: 69/73 MP: 11/11
  6418 | D:5      | Acquired 525 gold pieces
  6610 | D:6      | Reached skill level 5 in Invocations
  6923 | D:6      | Reached **** piety under Lugonu
  7231 | D:7      | Reached skill level 8 in Fighting
  7647 | D:7      | Reached XP level 9. HP: 82/82 MP: 13/13
  7842 | D:8      | Noticed Grum
  7891 | D:7      | Reached skill level 5 in Dodging
  7961 | D:8      | Killed Grum
  7994 | D:8      | Learned a level 2 spell: Slow
  8048 | D:7      | Reached skill level 9 in Fighting
  8143 | D:8      | Noticed an unseen horror
  8655 | D:8      | Reached ***** piety under Lugonu
  8844 | D:7      | Reached skill level 5 in Short Blades
  9213 | D:8      | Reached XP level 10. HP: 79/93 MP: 2/15
  9223 | D:8      | Reached skill level 10 in Fighting
  9471 | D:9      | Found a flagged portal.
  9485 | Bailey   | Entered a bailey
  9499 | Bailey   | Noticed an orc knight
  9555 | Bailey   | Killed an orc knight
  9559 | Bailey   | Identified the +7 spear "Omadaud" {vorpal, rF+ Int-3 SInv}
  9865 | Bailey   | Identified the +1 robe of the Hills {Regen+ Slay+3 SInv}
  9900 | Bailey   | Reached skill level 5 in Hexes
 11004 | D:10     | Entered Level 10 of the Dungeon
 11092 | D:10     | Found Cakal's Weapon Shoppe.
 11186 | D:10     | Reached skill level 1 in Shields
 11492 | D:10     | Reached skill level 11 in Fighting
 11926 | D:10     | Reached ****** piety under Lugonu
 12236 | D:11     | Noticed a five-headed hydra
 12280 | D:11     | Found a staircase to the Lair.
 12285 | D:11     | Learned a level 1 spell: Corona
 12406 | D:11     | Reached XP level 11. HP: 96/102 MP: 16/16
 12790 | D:11     | Noticed Erica
 12837 | D:10     | Banished Erica
 12838 | D:10     | Reached skill level 1 in Spellcasting
 12893 | D:11     | Found a staircase to the Orcish Mines.
 12928 | Lair:1   | Entered Level 1 of the Lair of Beasts
 13330 | Lair:1   | Noticed a six-headed hydra
 13364 | Lair:1   | Banished a six-headed hydra
 14653 | Lair:2   | Reached skill level 12 in Fighting
 14982 | Lair:2   | Identified the +5 falchion "Concordance" {venom, rF+ Int+8}
 15198 | Lair:2   | Reached XP level 12. HP: 112/112 MP: 18/18
 15798 | Lair:3   | Noticed a six-headed hydra
 15803 | Lair:3   | Banished a six-headed hydra
 16550 | Lair:3   | Found a staircase to the Shoals.
 16856 | Lair:4   | Noticed a death yak
 16856 | Lair:4   | Noticed a death yak
 16900 | Lair:4   | Noticed a death yak
 16937 | Lair:4   | Noticed a seven-headed hydra
 17039 | Lair:4   | Banished a seven-headed hydra
 17040 | Lair:4   | Reached skill level 13 in Fighting
 17280 | Lair:4   | Found a hole to the Spider Nest.
 17521 | Lair:4   | Learned a level 1 spell: Apportation
 17636 | Lair:4   | Noticed an eight-headed hydra
 17642 | Lair:4   | Banished an eight-headed hydra
 17708 | Lair:4   | Noticed a death yak
 17796 | Lair:4   | Killed a death yak
 18002 | Lair:4   | Identified the +7 hand axe "Ynnem" {vorpal, rCorr Int+2
                  | Dex+3}
 18185 | Lair:4   | Killed a death yak
 18196 | Lair:4   | Killed a death yak
 18201 | Lair:4   | Killed a death yak
 18202 | Lair:4   | Reached skill level 10 in Invocations
 18335 | Lair:4   | Reached XP level 13. HP: 123/123 MP: 20/20
 18550 | Lair:5   | Reached skill level 14 in Fighting
 18760 | Lair:5   | Found a staircase to the Slime Pits.
 18762 | Lair:5   | Paralysed by a floating eye for 3 turns
 20018 | Lair:6   | Entered Level 6 of the Lair of Beasts
 20192 | Lair:6   | Learned a level 5 spell: Yara's Violent Unravelling
 20606 | Lair:6   | Reached skill level 1 in Translocations
 21061 | Lair:6   | Gained mutation: You are weak. (Str -2) [mutagenic glow]
 21078 | Lair:6   | Gained mutation: You sometimes lose the ability to read
                  | scrolls when taking damage. [mutagenic glow]
 21111 | Lair:6   | Gained mutation: You do not regenerate when monsters are
                  | visible. [mutagenic glow]
 21254 | Lair:6   | Reached skill level 15 in Fighting
 22751 | D:11     | Reached XP level 14. HP: 129/135 MP: 19/22
 23235 | Orc:1    | Entered Level 1 of the Orcish Mines
 23391 | Orc:1    | Identified the +2 hat of the Hills {rElec Regen+ Str+4}
 23422 | Orc:1    | Identified the +0 hat of Analysis {Drain rC+ rCorr Str+2
                  | Int+4}
 23664 | Orc:1    | Reached skill level 1 in Transmutations
 23918 | Orc:1    | Noticed a stone giant
 23921 | Orc:1    | Found a bloodstained altar of Trog.
 23922 | Orc:1    | Found the +8 Wrath of Trog {antimagic, *Rage Rampage}
 24454 | Orc:1    | Found a transporter.
 24462 | Orc:1    | Found a transporter.
 24519 | Orc:1    | Found a runed translucent door.
 24519 | Orc:1    | Noticed a deep elf sorcerer
 24524 | Orc:1    | Noticed a deep elf sorcerer
 24525 | Orc:1    | Noticed a deep elf elementalist
 24575 | Orc:1    | Annihilated by a stone giant

Illustrated notes

Levels and vault maps discovered:
D:1:      amcnicky_arrival_wind_blow, layout_loops_ring,
          chequers_ecumenical_altar_lobes, grunt_decor_one_mirror
D:2:      layout_basic, serial_shops, shop, grunt_ministairs_7, chequers_jeans,
          wander_ebering_terrifying_dragon_lair, uniq_jessica
D:3:      minmay_wonky_spiral, layout_loops_ring, old_standard_altar,
          grunt_ministairs_12, amethyst_killhole, kennysheep_nondescript
D:4:      layout_loops_ring, minmay_temple_entry_waves, uniq_eustachio
D:5:      layout_basic, uniq_menkaure, uniq_ijyb
D:6:      layout_cave_pools, lightli_orcish_oven
D:7:      black_bear_nest_1, layout_loops_ring, minmay_mini_ossuary
D:8:      layout_basic, special_room [special_room_orc],
          minmay_chambers_of_fives, uniq_grum
D:9:      layout_irregular_city, enter_bailey_3
D:10:     layout_cave_pools, serial_shops, shop, special_room [special_room_orc]
D:11:     layout_stronghold, lair_entry_dummy, david_orc_3,
          minmay_lindwurm_lava, uniq_erica
Lair:1:   lemuel_reptile_caves, layout_chaotic_city,
          grunt_forest_small_clearing_treed
Lair:2:   layout_concentric_octagons
Lair:3:   layout_hall_layers, minmay_shoals_entry_lonely_mermaid
Lair:4:   layout_long_grid, dummy_spider_entry, minmay_lair_oklob_chamber,
          serial_bayou_shore_b, lemuel_fruit_tree
Lair:5:   layout_cave_shapes, minmay_slime_entry_eyes, st_stairs_12,
          grunt_megastairs_5, serial_bayou_shore_b
Lair:6:   minmay_lair_end_enchanted_forest, layout_cave_shapes
Orc:1:    emtedronai_trogs_sanctum, layout_diamond_mine, hangedman_minor_magic

Skill      XL: |  1  2  3  4  5  6  7  8  9 10 11 12 13 14 |
---------------+-------------------------------------------+-----
Fighting       | 4 5 6 7 8 9 11 12 13 15 | 15.5
Invocations    | 3 4 5 6 7 8 10 11 | 11.3
Axes           | 3 |  3.3
Dodging        | 3 4 5 6 7 8 9 |  9.7
Hexes          | 1 2 3 4 5 6 7 9 |  9.2
Short Blades   | 1 2 3 5 6 8 |  8.0
Shields        | 2 3 4 |  4.0
Spellcasting   | 2 3 |  3.0
Translocations | 2 3 |  3.0
Transmutations | 1 |  1.7

Action                   |  1- 3 |  4- 6 |  7- 9 | 10-12 | 13-15 || total
-------------------------+-------+-------+-------+-------+-------++-------
Melee: Hand axe          |   125 |   183 |       |       |       ||   308
       Tailslap          |    13 |    26 |    83 |   203 |   371 ||   696
       Quick blade       |       |    48 |   711 |  1832 |  2019 ||  4610
Throw: Throwing net      |       |     1 |     2 |       |     1 ||     4
 Cast: Confusing Touch   |       |       |    21 |    74 |    17 ||   112
       Slow              |       |       |       |    34 |    14 ||    48
       Corona            |       |       |       |    10 |    19 ||    29
       Apportation       |       |       |       |     8 |       ||     8
Invok: Banish            |       |     1 |     1 |    15 |     3 ||    20
       Bend Space        |       |       |       |       |     1 ||     1
Evoke: Wand              |       |       |       |    11 |     3 ||    14
       Phantom mirror    |       |       |       |       |     1 ||     1
  Use: Scroll            |       |     6 |     7 |     8 |     1 ||    22
       Potion            |       |       |       |     2 |     3 ||     5
 Stab: Sleeping          |     1 |     2 |       |       |     5 ||     8
       Held in net/web   |       |       |     2 |       |     1 ||     3
       Confused          |       |       |    17 |    68 |    19 ||   104
       Petrified         |       |       |       |       |     1 ||     1
Armor: Skin              |    36 |    89 |   163 |   253 |   162 ||   703
Dodge: Dodged            |   106 |   179 |   270 |   442 |   436 ||  1433
Block: Buckler           |       |       |       |   110 |   153 ||   263

Table legend: (Time is in decaauts)
 A = Elapsed time spent in this place.
 B = Non-inter-level travel time spent in this place.
 C = Inter-level travel time spent in this place.
 D = Time resting spent in this place.
 E = Time spent auto-exploring this place.
 F = Levels seen in this place.
 G = Mean time per level.
                   A        B        C        D        E       F      G
               +--------+--------+--------+--------+--------+-----+--------+
         Total |  21730 |  21176 |    554 |   2642 |  12922 |  20 | 1086.5 |
       Dungeon |  12192 |  11851 |    341 |   1713 |   7447 |  11 | 1108.4 |
          Lair |   7856 |   7643 |    213 |    818 |   4716 |   6 | 1309.3 |
  Orcish Mines |   1104 |   1104 |      0 |      0 |    679 |   1 | 1104.0 |
         Abyss |     14 |     14 |      0 |      0 |      0 |   1 |   14.0 |
        Bailey |    562 |    562 |      0 |    111 |     80 |   1 |  562.0 |
               +--------+--------+--------+--------+--------+-----+--------+

Top non-repeatable levels by time:
     D:2: 2077 daAuts
  Lair:6: 1956 daAuts
     D:1: 1687 daAuts
  Lair:4: 1448 daAuts
     D:3: 1363 daAuts
  Lair:1: 1354 daAuts
  Lair:5: 1202 daAuts
    D:11: 1182 daAuts
   Orc:1: 1104 daAuts
     D:8: 1092 daAuts
     D:7: 1041 daAuts
  Lair:2: 1005 daAuts
    D:10: 1000 daAuts
     D:4: 951 daAuts
  Lair:3: 889 daAuts
